 Dungeon Crawl Stone Soup version 0.31.0-11-ge490571c62 (webtiles) character file.

Game seed: 14570373692702758286

117 Zeor the Slasher (level 5, 0/26 HPs)
             Began as a Vine Stalker Reaver on Feb 1, 2024.
             Slain by an orc
             ... wielding a +0 short sword
              (1 damage)
             ... on level 3 of the Dungeon.
             The game lasted 00:06:23 (2040 turns).

Zeor the Slasher (Vine Stalker Reaver)              Turns: 2040, Time: 00:06:23

Health: 0/26       AC:  4    Str: 14    XL:     5   Next: 1%
Magic:  0/9        EV: 11    Int: 15    God:
Gold:   144        SH:  0    Dex: 13    Spells: 3/9 levels left

rFire   . . .        a - +1 falchion (heavy)
rCold   . . .        (no shield)
rNeg    . . .        b - +0 leather armour
rPois   +            (no helmet)
rElec   .            e - +0 cloak
rCorr   .            (no gloves)
SInv    .            (no boots)
Will    .....        (no amulet)
Stlth   +            c - ring of poison resistance
HPRegen 1.04/turn    (no ring)
MPRegen 0.11/turn

%: guardian spirit
@: lethally poisoned (0 -> 0), about to teleport
A: fangs 2, regeneration 1, magic shield, antimagic bite, no potion heal 2
a: no special abilities


You were on level 3 of the Dungeon.
You visited 1 branch of the dungeon, and saw 3 of its levels.

You collected 144 gold pieces.

Inventory:

Hand Weapons
 a - a +1 heavy falchion (weapon)
 k - a +0 arbalest
Armour
 b - a +0 leather armour (worn)
 e - a +0 cloak (worn)
Jewellery
 c - a ring of poison resistance (left hand)
Scrolls
 f - a scroll of teleportation
 i - a scroll of enchant weapon
Potions
 d - a potion of curing
 g - a potion of might
 h - 3 potions of ambrosia
 j - a potion of resistance


   Skills:
 + Level 2.1 Fighting
 * Level 4.1 Long Blades
 + Level 0.5 Armour
 + Level 1.8 Dodging
 + Level 0.2 Stealth
 * Level 2.5 Spellcasting
 + Level 3.4 Conjurations


You had 3 spell levels left.
You knew the following spells:

 Your Spells              Type           Power      Damage    Failure   Level
h - Hailstorm             Conj/Ice       7%         3d5       36%         3
k - Kiss of Death         Conj/Necr      28%        2d7       13%         1
s - Momentum Strike       Conj/Tloc      14%        3d8       21%         2

Your spell library contained the following spells:

 Spells                   Type           Power      Damage    Failure   Level
 Freeze                   Ice            4%         1d3       26%         1
 Frozen Ramparts          Ice            2%         1d1       63%         3


Dungeon Overview and Level Annotations

Branches:
Dungeon (3/15)

Altars:
Cheibriados


Innate Abilities, Weirdness & Mutations

You have extremely sharp teeth.
Your natural rate of healing is unusually fast.
When hurt, damage is shared between your health and your magic reserves.
Your bite disrupts and absorbs the magic of your enemies.
Potions cannot restore your health.


Message History

The scorpion stings you.
You are poisoned.
The scorpion poisons you!
You hit the scorpion but do no damage. Your bite misses the scorpion.
The scorpion is severely wounded.
You feel very sick. The scorpion closely misses you.
An orc priest comes into view. It is wielding a +0 war axe.
The scorpion stings you.
You closely miss the scorpion.
The scorpion is severely wounded.
You feel very sick.
The orc priest shouts!
An orc priest comes into view. It is wielding a +0 club.
The orc closely misses you. The scorpion stings you.
The orc hits you with a +0 short sword.
The orc priest invokes the aid of Beogh against you.
Beogh smites you!
* * * LOW HITPOINT WARNING * * *
The scorpion closely misses you.
Casting: Kiss of Death (safe; 14% risk of failure)
Confirm with . or Enter, or press ? or * to list all spells.
Okay, then.
Okay, then.
Okay, then.
Casting: Kiss of Death (safe; 14% risk of failure)
Confirm with . or Enter, or press ? or * to list all spells.
You don't have enough magic to cast this spell.
You slash the scorpion!
You kill the scorpion!
* * * LOW HITPOINT WARNING * * *
You feel sick. The orc closely misses you. The orc hits you but does no damage.
Your life force feels restored.
Your Fighting skill increases to level 2!
Your Long Blades skill increases to level 4!
You have reached level 5!
As you read the scroll of teleportation, it crumbles to dust.
You feel strangely unstable.
You feel sick. The orc hits you with a +0 short sword.
You die...

▒∙∙∙∙∙∙▒∙∙∙▒▒▒∙▒∙<▒∙▒▒▒▒
∙∙∙∙∙∙∙∙∙∙∙∙†)∙∙∙∙∙∙(∙∙∙∙
∙∙∙∙∙∙∙∙∙∙▒▒▒▒∙▒∙∙∙∙▒∙∙∙∙
∙∙∙∙∙∙∙∙∙∙†)∙∙∙▒▒∙∙∙∙∙∙∙∙
∙∙∙∙∙∙∙∙∙∙▒▒▒▒▒▒▒∙∙∙∙∙∙∙
∙∙∙∙∙∙∙∙∙∙▒ ▒∙∙∙∙∙∙∙∙
∙∙∙∙∙∙∙∙∙∙▒ ▒∙∙∙∙∙∙∙∙
∙∙∙∙∙∙∙∙∙∙▒ ▒∙∙∙∙∙∙∙∙
∙∙∙∙∙∙∙∙f∙▒


∙∙∙∙∙∙∙ ∙∙∙∙∙∙∙∙o†▒ ∙∙∙∙∙∙∙∙∙∙∙∙ ▒▒▒▒∙▒▒▒▒▒o∙∙∙ ▒∙ o∙∙∙∙▒ ∙ ∙∙∙∙∙▒ ∙ ∙∙∙∙∙▒
∙∙∙∙▒ You could see 2 orc priests and an orc.

Vanquished Creatures
  A scorpion (D:3)
  2 ribbon worms (D:2)
  A dart slug (D:3)
  4 bats
  4 endoplasms
  2 giant cockroaches
  9 goblins
  6 hobgoblins
  5 jackals
  A kobold (D:1)
  2 quokkas
  2 ball pythons
  2 frilled lizards (D:2)
  5 rats
46 creatures vanquished.

Notes
Turn   | Place    | Note
-------+----------+-------------------------------------------
     0 | D:1      | Zeor the Vine Stalker Reaver began the quest for the Orb.
     0 | D:1      | Reached XP level 1. HP: 11/11 MP: 4/4
    97 | D:1      | Reached skill level 3 in Long Blades
   208 | D:1      | Reached XP level 2. HP: 15/15 MP: 6/6
   378 | D:1      | Reached XP level 3. HP: 15/18 MP: 5/7
   384 | D:1      | Learned a level 2 spell: Momentum Strike
   388 | D:1      | Learned a level 3 spell: Hailstorm
   947 | D:2      | Found a faded altar of an unknown god.
  1373 | D:2      | Found a snail-covered altar of Cheibriados.
  1981 | D:3      | Reached XP level 4. HP: 23/23 MP: 8/8
  2031 | D:3      | Noticed a scorpion
  2039 | D:3      | Killed a scorpion
  2040 | D:3      | Reached skill level 4 in Long Blades
  2040 | D:3      | Reached XP level 5. HP: 1/26 MP: 1/9
  2040 | D:3      | HP: 1/26 [poisoned by a scorpion]
  2040 | D:3      | Slain by an orc

Illustrated notes

Levels and vault maps discovered:
D:1:      ebering_hopf_link, layout_loops_ring
D:2:      layout_basic, hellmonk_ecumenical_altar_inner_sanctum, basic_altar,
          minmay_heptomino_d4
D:3:      layout_basic

Skill      XL: |  1  2  3  4 |
---------------+-------------+-----
Long Blades    | 3 4 |  4.1
Fighting       | 2 |  2.1
Armour         | |  0.5
Dodging        | |  1.8
Stealth        | |  0.2
Spellcasting   | |  2.5
Conjurations   | |  3.4

Action                     |  1- 3 |  4- 6 || total
---------------------------+-------+-------++-------
  Melee: Falchion          |    91 |     8 ||    99
         Bite              |    15 |       ||    15
   Cast: Momentum Strike   |     2 |       ||     2
         Kiss of Death     |       |     1 ||     1
    Use: Scroll            |    12 |     1 ||    13
   Stab: Sleeping          |     1 |       ||     1
 Armour: Leather armour    |    45 |     8 ||    53
  Dodge: Dodged            |    63 |     8 ||    71
